 Dungeon Crawl Stone Soup version 0.20-a0-823-gdec668e (webtiles) character file.

344 graki42 the Magician (level 6, -1/32 HPs)
             Began as a Deep Elf Fire Elementalist on Mar 3, 2017.
             Killed from afar by an orc wizard (8 damage)
             ... with a puff of frost
             ... on level 3 of the Dungeon on Mar 5, 2017.
             The game lasted 00:08:48 (1957 turns).

graki42 the Magician (Deep Elf Fire Elementalist)   Turns: 1957, Time: 00:08:48

Health: -1/32      AC:  7    Str: 12    XL:     6   Next: 31%
Magic:  0/17       EV: 12    Int: 20    God:
Gold:   115        SH:  0    Dex: 15    Spells: 6/17 levels left

rFire    . . .     SeeInvis .   (no weapon)
rCold    . . .     Gourm    .   e - +3 leather armour
rNeg     . . .     Faith    .   (no shield)
rPois    .         Spirit   .   l - +0 helmet
rElec    .         Reflect  .   (no cloak)
rCorr    .         Harm     .   (no gloves)
MR       .....                  (no boots)
Stlth    ++........             (no amulet)
Regen    0.1/turn               (no ring)
MPRegen  0.2/turn               (no ring)

@: mighty, very slightly contaminated
A: no striking features
a: no special abilities


You were on level 3 of the Dungeon.
You were hungry.

You visited 1 branch of the dungeon, and saw 3 of its levels.

You collected 115 gold pieces.

Inventory:

Armour
 a - a +0 robe
 e - a +3 leather armour (worn)
 l - a +0 helmet (worn)
Jewellery
 j - a cursed amulet of magic regeneration {unknown}
Scrolls
 g - 2 scrolls of teleportation {unknown}
 m - 2 scrolls of identify {unknown}
 o - a scroll of immolation {unknown}
Potions
 d - 2 potions of curing {unknown}
 f - 3 potions of haste
 h - a potion of might
 i - 2 potions of lignification {unknown}
 k - a potion of flight {unknown}
 n - a potion of magic {unknown}
Books
 b - a book of Flames

   Spells                             Type                      Level
   a - Flame Tongue                   Conjuration/Fire             1
   b - Throw Flame                    Conjuration/Fire             2
   c - Conjure Flame                  Conjuration/Fire             3
   d - Inner Flame                    Hexes/Fire                   3
   e - Sticky Flame                   Conjuration/Fire             4
   f - Fireball                       Conjuration/Fire             5
Comestibles
 c - 2 bread rations


   Skills:
 + Level 1.0 Armour
 + Level 2.5 Dodging
 + Level 3.4 Stealth
 + Level 0.8 Unarmed Combat
 + Level 6.0 Spellcasting
 + Level 3.0 Conjurations
 + Level 0.3 Hexes
 + Level 4.6 Fire Magic


You had 6 spell levels left.
You knew the following spells:

 Your Spells              Type           Power        Failure   Level  Hunger
a - Flame Tongue          Conj/Fire      ###..        3%          1    None
b - Conjure Flame         Conj/Fire      ###.....     12%         3    ##.....
c - Inner Flame           Hex/Fire       ###.....     14%         3    ##.....
d - Sticky Flame          Conj/Fire      ###.....     30%         4    ####...


Dungeon Overview and Level Annotations

Branches:
Dungeon (3/15)

Altars:


Message History

Nothing appears to happen.
The bat closely misses you.
Something hits you but does no damage. x2
The giant cockroach closely misses you.
Casting: Sticky Flame
Confirm with . or Enter, or press ? or * to list all spells.
Aiming: Sticky Flame
Press: ? - help, Shift-Dir - straight line The sticky flame hits something.
The orc wizard is covered in liquid flames!
You are feeling hungry.
The orc wizard burns!
The bat hits you but does no damage. The bat barely misses you.
The orc wizard gestures at you while chanting.
The puff of flame hits you!
* * * LOW HITPOINT WARNING * * *
The giant cockroach barely misses you.
The orc wizard burns!
The orc wizard gestures at you while chanting.
The puff of frost hits you!
You die...

#..........### #..
#............# #..
###............# #.. #
#.....).....[..## #..
#.#.....####......######..
#.'.....+.................
#.....####...####....#..
..#...)s####.....####.....
......)b.@.........####..#
...#.#.o.)...........#####
...#+#...............#
(..................#
...........##...### .
....?......##.####. .
...........#....... #
###+#.............. .
......##.........


You could see an orc wizard (burning), a giant cockroach and a bat.

Vanquished Creatures
  Sigmund (D:3)
  An orc wizard (D:3)
  Ijyb (D:3)
  Robin (D:2)
  A gnoll (D:1)
  2 adders
  2 worms
  3 dart slugs
  5 orcs (D:3)
  4 giant cockroaches
  16 goblins
  7 hobgoblins
  3 jackals (D:2)
  3 bats
  2 frilled lizards
  7 kobolds
  8 rats
67 creatures vanquished.

Notes
Turn   | Place    | Note
-------+----------+-------------------------------------------
     0 | D:1      | graki42 the Deep Elf Fire Elementalist began the quest for the Orb.
     0 | D:1      | Reached XP level 1. HP: 10/10 MP: 6/6
   159 | D:1      | Reached XP level 2. HP: 15/15 MP: 6/8
   491 | D:1      | Reached XP level 3. HP: 12/19 MP: 7/10
   813 | D:2      | Reached skill level 4 in Spellcasting
   829 | D:2      | Learned a level 3 spell: Conjure Flame
   833 | D:2      | Learned a level 3 spell: Inner Flame
   858 | D:2      | Noticed Robin
   863 | D:2      | Killed Robin
   887 | D:1      | Upgraded the game from 0.20-a0-809-gaf7f668 to 0.20-a0-823-gdec668e
   912 | D:1      | Reached XP level 4. HP: 24/24 MP: 0/12
  1006 | D:1      | Learned a level 4 spell: Sticky Flame
  1659 | D:3      | Noticed Sigmund
  1675 | D:3      | Killed Sigmund
  1675 | D:3      | Reached skill level 1 in Armour
  1675 | D:3      | Reached skill level 5 in Spellcasting
  1675 | D:3      | Reached XP level 5. HP: 28/28 MP: 5/15
  1675 | D:3      | Reached XP level 6. HP: 32/32 MP: 5/16
  1779 | D:3      | Reached skill level 6 in Spellcasting
  1793 | D:3      | Noticed Ijyb
  1802 | D:3      | Killed Ijyb
  1957 | D:3      | Killed from afar by an orc wizard

Vault maps used:
D:1:      minmay_arrival_up_and_down
D:2:      nicolae_overflow_hidden_temple, serial_bayou, serial_bayou_crossing,
          serial_bayou_pond_b, serial_bayou_ford_a, serial_bayou_lagoon_b,
          moated_statue, minmay_misc_feat_doors, uniq_robin
D:3:      nicolae_overflow_crystal_walls, minitemple, first_bread, st_stairs_10,
          grunt_ministairs_10, minmay_misc_feat_x, uniq_sigmund, uniq_iyjb

Skill      XL: |  1  2  3  4  5  6 |
---------------+-------------------+-----
Fire Magic     | 4 |  4.6
Spellcasting   | 4 5 6 |  6.0
Conjurations   | 2 3 |  3.0
Armour         | 1 |  1.0
Stealth        | 3 |  3.4
Dodging        | |  2.5
Unarmed Combat | |  0.8
Hexes          | |  0.3

Action                   |  1- 3 |  4- 6 || total
-------------------------+-------+-------++-------
Melee: Unarmed           |     1 |     9 ||    10
 Cast: Flame Tongue      |    55 |    63 ||   118
       Conjure Flame     |       |     1 ||     1
       Inner Flame       |       |     1 ||     1
       Sticky Flame      |       |     1 ||     1
  Use: Potion            |       |     1 ||     1
 Stab: Sleeping          |       |     1 ||     1
  Eat: Chunk             |       |     3 ||     3
Armor: Robe              |     1 |       ||     1
       Leather armour    |     9 |    18 ||    27
Dodge: Dodged            |    25 |    27 ||    52
